 Dungeon Crawl Stone Soup version 0.20.1-1-g8b1a95d (webtiles) character file.

142 Peloso the Shield-Bearer (level 4, -1/38 HPs)
             Began as a Demigod Fighter on July 30, 2017.
             Slain by a goblin
             ... wielding a +0 club
             ... led by Robin
              (6 damage)
             ... on level 4 of the Dungeon.
             The game lasted 00:06:01 (3049 turns).

Peloso the Shield-Bearer (Demigod Fighter)          Turns: 3049, Time: 00:06:02

Health: -1/38      AC: 10    Str: 21    XL:     4   Next: 74%
Magic:  6/6        EV:  5    Int: 12    God:
Gold:   173        SH: 10    Dex: 15    Spells: 3/3 levels left

rFire    . . .     SeeInvis .   a - +0 long sword
rCold    . . .     Gourm    +   c - +0 shield
rNeg     . . .     Faith    .   v - +0 chain mail
rPois    .         Spirit   .   (no helmet)
rElec    .         Reflect  .   B - +0 cloak
rCorr    .         Harm     .   (no gloves)
MR       .....                  (no boots)
Stlth    ..........             u - amulet of the gourmand
Regen    0.2/turn               (no ring)
MPRegen  0.1/turn               (no ring)

@: no status effects
A: high mp 1
a: no special abilities


You were on level 4 of the Dungeon.
You were very full.

You visited 1 branch of the dungeon, and saw 4 of its levels.

You collected 173 gold pieces.

Inventory:

Hand Weapons
 a - a +0 long sword (weapon)
 x - a cursed -1 dagger
 z - a cursed -2 dagger
Armour
 b - a +0 scale mail
 c - a +0 shield (worn)
 v - a +0 chain mail (worn)
 B - a +0 cloak (worn)
Jewellery
 u - an amulet of the gourmand (around neck)
Wands
 t - a wand of digging (15/24)
 E - a wand of acid (9/15)
Scrolls
 k - 2 scrolls of magic mapping {unknown}
 l - a scroll of blinking {unknown}
 m - 3 scrolls of remove curse {unknown}
 o - 2 scrolls of enchant armour {unknown}
 p - 4 scrolls of identify {unknown}
 r - a scroll of enchant weapon {unknown}
 s - 2 scrolls of random uselessness {unknown}
 y - a scroll of fear {unknown}
 D - a scroll of recharging {unknown}
 F - a scroll of amnesia {unknown}
 G - a scroll of teleportation {unknown}
Potions
 d - a potion of might
 e - a potion of resistance {unknown}
 i - 2 potions of haste {unknown}
 j - 2 potions of ambrosia {unknown}
 n - a potion of invisibility {unknown}
 q - a potion of flight {unknown}
 w - a potion of brilliance {unknown}
 A - a potion of degeneration {unknown}
 C - a potion of heal wounds {unknown}
Comestibles
 f - 2 bread rations
 g - 2 meat rations


   Skills:
 + Level 3.3 Fighting
 + Level 2.6 Long Blades
 + Level 3.3 Armour
 + Level 0.6 Dodging
 + Level 3.6 Shields


You had 3 spell levels left.
You didn't know any spells.

Dungeon Overview and Level Annotations

Branches:
Dungeon (4/15)
 Temple: D:4-7

Annotations:
D:4 Robin


Innate Abilities, Weirdness & Mutations

You have an increased reservoir of magic. (+10% MP)


Message History

Robin says, "Bow before me, strongest of all the hobgoblins!"
The goblin hits you but does no damage. The hobgoblin hits you.
You block the goblin's attack.
You barely miss the goblin.
The goblin is moderately wounded.
The goblin hits you but does no damage. You block the goblin's attack.
You block the hobgoblin's attack. The worm bites you but does no damage.
The phantom hits you.
* * * LOW HITPOINT WARNING * * *
The goblin hits you with a club.
* * * LOW HITPOINT WARNING * * *
Robin says, "Bow before me, strongest of all the hobgoblins!"
You miss the goblin.
The goblin is moderately wounded.
The goblin hits you but does no damage. You block the goblin's attack.
The hobgoblin barely misses you.
You riposte.
You hit the hobgoblin.
The hobgoblin is moderately wounded.
The phantom hits you but does no damage.
The goblin hits you with a club.
You die...

... ### ......
..# ...... ..#
......#
##+##..#
......#'##gg.)#
...!...gg@Wg..#
........ggw...#
.........g..<.#
.......().....#
..............#
.$....####....#
...... ######
..... .....


You could see a phantom, a worm, Robin, a hobgoblin and 6 goblins.

Vanquished Creatures
  Crazy Yiuf (D:2)
  3 adders
  An ooze (D:3)
  2 worms (D:2)
  A dart slug (D:2)
  2 orcs (D:3)
  4 bats
  2 giant cockroaches (D:3)
  18 goblins
  10 hobgoblins
  5 jackals
  A quokka (D:3)
  5 frilled lizards
  9 kobolds
  7 rats
71 creatures vanquished.

Notes
Turn   | Place    | Note
-------+----------+-------------------------------------------
     0 | D:1      | Peloso the Demigod Fighter began the quest for the Orb.
     0 | D:1      | Reached XP level 1. HP: 18/18 MP: 3/3
   235 | D:1      | Reached XP level 2. HP: 25/25 MP: 4/4
  1017 | D:2      | Reached XP level 3. HP: 30/30 MP: 5/5
  1425 | D:2      | Found a runed door.
  1832 | D:2      | Noticed Crazy Yiuf
  1846 | D:2      | Killed Crazy Yiuf
  1846 | D:2      | Reached XP level 4. HP: 10/38 MP: 6/6
  3010 | D:4      | Noticed a phantom
  3029 | D:4      | Noticed Robin
  3049 | D:4      | Slain by a goblin

Skill      XL: |  1  2  3 |
---------------+----------+-----
Shields        | 3 |  3.6
Long Blades    | 2 |  2.6
Armour         | 3 |  3.3
Fighting       | 3 |  3.3
Dodging        | |  0.6

Action                   |  1- 3 |  4- 6 || total
-------------------------+-------+-------++-------
Melee: Long sword        |   127 |   112 ||   239
  Use: Potion            |     1 |     1 ||     2
  Eat: Chunk             |    22 |     3 ||    25
Armor: Scale mail        |    15 |       ||    15
       Chain mail        |    31 |    74 ||   105
Dodge: Dodged            |    39 |    36 ||    75
Block: Shield            |    76 |    84 ||   160
       Rpst.: Long sword |    13 |    17 ||    30
